 Dungeon Crawl Stone Soup version 0.27-a0-1384-g1422d76b99 (webtiles) character file.

Game seed: 8607866165354883240

162 wesbby the Shield-Bearer (level 5, -2/45 HPs)
             Began as a Minotaur Fighter on June 30, 2021.
             Was a Follower of Yredelemnul.
             Killed from afar by Sigmund (8 damage)
             ... with a puff of flame
             ... on level 3 of the Dungeon.
             The game lasted 00:06:18 (2658 turns).

wesbby the Shield-Bearer (Minotaur Fighter)         Turns: 2658, Time: 00:06:19

Health: -2/45      AC: 10    Str: 22    XL:     5   Next: 19%
Magic:  4/4        EV:  7    Int:  5    God:    Yredelemnul [*.....]
Gold:   120        SH: 10    Dex:  9    Spells: 4/4 levels left

rFire    . . .     SeeInvis .   a - +0 flail
rCold    . . .     Faith    .   c - +0 kite shield
rNeg     . . .     Spirit   .   b - +0 scale mail
rPois    .         Reflect  .   (helmet restricted)
rElec    .         Harm     .   (no cloak)
rCorr    .         Rampage  .   k - +2 pair of gloves
Will     .....                  (no boots)
Stlth    ..........             (no amulet)
HPRegen  0.15/turn              (no ring)
MPRegen  0.09/turn              (no ring)

@: no status effects
A: horns 2, retaliatory headbutt
a: Renounce Religion, Animate Remains


You were on level 3 of the Dungeon.
You worshipped Yredelemnul.
Yredelemnul was aware of your devotion.
You visited 1 branch of the dungeon, and saw 3 of its levels.

You collected 120 gold pieces.

Inventory:

Hand Weapons
 a - a +0 flail (weapon)
Missiles
 o - 5 boomerangs (quivered)
Armour
 b - a +0 scale mail (worn)
 c - a +0 kite shield (worn)
 k - a +2 pair of gloves (worn)
Jewellery
 g - a ring of resist corrosion
Wands
 n - a wand of flame (16)
Scrolls
 e - a scroll of silence {unknown}
 h - 2 scrolls of magic mapping {unknown}
 i - a scroll of noise {unknown}
 j - 2 scrolls of identify {unknown}
 m - a scroll of blinking {unknown}
 q - a scroll of amnesia {unknown}
Potions
 d - a potion of might
 f - 3 potions of heal wounds {unknown}
 l - 2 potions of attraction {unknown}
 p - a potion of curing {unknown}
 r - a potion of brilliance {unknown}


   Skills:
 - Level 3.6 Fighting
 - Level 2.0(2.9) Axes
 + Level 3.1(3.4) Maces & Flails
 + Level 5.0 Armour
 + Level 0.2 Stealth
 + Level 5.3 Shields


You had 4 spell levels left.
You didn't know any spells.
Your spell library was empty.

Dungeon Overview and Level Annotations

Branches:
Dungeon (3/15)

Altars:
Yredelemnul

Annotations:
D:3 Sigmund


Innate Abilities, Weirdness & Mutations

You have a pair of horns on your head.
You reflexively headbutt those who attack you in melee.


Message History

Sigmund hits you but does no damage.
Sigmund zaps a wand.
The puff of flame hits you. Sigmund gestures at you while chanting.
The magic dart hits you!
Found a thick runed staff.
Sigmund gestures at you while chanting. The magic dart hits you.
* * * LOW HITPOINT WARNING * * *
Sigmund points at you and mumbles some strange words.
You resist with some effort.
You miss Sigmund.
Sigmund is almost dead.
You feel less confused. Sigmund closely misses you.
Sigmund points at you and mumbles some strange words.
You are confused.
You miss Sigmund.
Sigmund is almost dead.
Sigmund points at you and mumbles some strange words.
You resist with some effort.
You closely miss Sigmund. Your headbutt misses Sigmund.
Sigmund is almost dead.
Sigmund zaps a wand.
The puff of flame hits you!
* * * LOW HITPOINT WARNING * * *
Sigmund zaps a wand.
The puff of flame hits you.
* * * LOW HITPOINT WARNING * * *
Sigmund casts a spell at you. The puff of flame misses you.
You're too confused to move!
Sigmund zaps a wand.
The puff of flame misses you.
You completely miss Sigmund. You headbutt Sigmund.
Sigmund is almost dead.
You feel less confused.
Sigmund points at you and mumbles some strange words.
You resist with some effort.
You barely miss Sigmund.
Sigmund is almost dead.
Sigmund gestures at you while chanting. The puff of flame hits you!
You die...
Your body rises from the dead as a mindless zombie.

..# #..# #..#
###..# #...)#
#.#?.#####
#......... ##
..#####@@# #.
|........# ##.
..#####..# #..
#..# #.. #..# #..
#..#############..
#......(.......#..
#.############.#..
#.# #######......


You could see Sigmund.

Vanquished Creatures
  Natasha (thrice) (D:2)
  An adder (D:2)
  A worm (D:2)
  3 dart slugs
  An orc (D:3)
  10 ball pythons
  5 bats
  11 endoplasms
  2 giant cockroaches
  8 goblins
  2 hobgoblins
  3 jackals (D:1)
  6 kobolds
  4 quokkas
  A frilled lizard (D:3)
  4 rats
65 creatures vanquished.

Notes
Turn   | Place    | Note
-------+----------+-------------------------------------------
     0 | D:1      | wesbby the Minotaur Fighter began the quest for the Orb.
     0 | D:1      | Reached XP level 1. HP: 19/19 MP: 0/0
    92 | D:1      | Reached skill level 1 in Axes
   103 | D:1      | Reached XP level 2. HP: 23/26 MP: 1/1
   781 | D:1      | Reached XP level 3. HP: 31/31 MP: 2/2
  1447 | D:2      | Noticed Natasha
  1451 | D:2      | Killed Natasha
  1452 | D:2      | Reached XP level 4. HP: 39/39 MP: 3/3
  1762 | D:2      | Noticed Natasha
  1769 | D:2      | Killed Natasha
  1976 | D:2      | Noticed Natasha
  1981 | D:2      | Killed Natasha
  1982 | D:2      | Reached skill level 5 in Shields
  2189 | D:3      | Reached XP level 5. HP: 43/45 MP: 4/4
  2383 | D:3      | Reached skill level 5 in Armour
  2479 | D:3      | Found a faded altar of an unknown god.
  2501 | D:3      | Became a worshipper of Yredelemnul the Dark
  2501 | D:3      | Reached * piety under Yredelemnul
  2636 | D:3      | Noticed Sigmund
  2658 | D:3      | Killed from afar by Sigmund

Illustrated notes

Levels and vault maps discovered:
D:1:      nicolae_arrival_somewhat_less_tricky_arrival, layout_basic,
          minmay_heptomino_w4
D:2:      layout_basic, uniq_natasha
D:3:      layout_loops_ring, basic_ecumenical_altar, grunt_decor_clamped,
          dk_noncrumbling_4, uniq_sigmund

Skill      XL: |  1  2  3  4  5 |
---------------+----------------+-----
Axes           | 1 2 |  2.0
Shields        | 4 5 |  5.3
Armour         | 4 5 |  5.0
Maces & Flails | 3 |  3.1
Fighting       | |  3.6
Stealth        | |  0.2

Action                   |  1- 3 |  4- 6 || total
-------------------------+-------+-------++-------
Melee: Flail             |    64 |    88 ||   152
       Headbutt          |    12 |     9 ||    21
Evoke: Wand              |       |     1 ||     1
Armor: Scale mail        |    35 |    41 ||    76
Dodge: Dodged            |    17 |    25 ||    42
Block: Kite shield       |    31 |    43 ||    74

Table legend: (Time is in decaauts)
 A = Elapsed time spent in this place.
 B = Non-inter-level travel time spent in this place.
 C = Inter-level travel time spent in this place.
 D = Time resting spent in this place.
 E = Time spent auto-exploring this place.
 F = Levels seen in this place.
 G = Mean time per level.
                   A        B        C        D        E       F      G
               +--------+--------+--------+--------+--------+-----+--------+
         Total |   2726 |   2512 |    214 |      0 |   2095 |   3 |  908.7 |
       Dungeon |   2726 |   2512 |    214 |      0 |   2095 |   3 |  908.7 |
               +--------+--------+--------+--------+--------+-----+--------+

Top non-repeatable levels by time:
     D:1: 1259 daAuts
     D:2: 970 daAuts
     D:3: 496 daAuts
